 Dungeon Crawl Stone Soup version 0.28.0-53-g5a82cb258f (webtiles) character file.

Game seed: 2858470222153588678

57 firemarshallily the Sneak (level 4, -1/42 HPs)
             Began as a Naga Monk on June 16, 2022.
             Slain by a gnoll
             ... wielding a +0 spear
              (4 damage)
             ... on level 3 of the Dungeon.
             The game lasted 00:04:02 (1725 turns).

firemarshallily the Sneak (Naga Monk)               Turns: 1725, Time: 00:04:03

Health: -1/42      AC:  3    Str: 14    XL:     4   Next: 0%
Magic:  4/4        EV: 10    Int: 10    God:
Gold:   60         SH:  0    Dex: 15    Spells: 3/3 levels left

rFire   . . .      SeeInvis +   a - +1 short sword
rCold   . . .      Faith    .   (no shield)
rNeg    . . .      Spirit   .   b - +1 robe
rPois   +          Reflect  .   (no helmet)
rElec   .          Harm     .   (no cloak)
rCorr   .          Rampage  .   (no gloves)
Will    .....                   (no barding)
Stlth   +++.......              (no amulet)
HPRegen 0.14/turn               (no ring)
MPRegen 0.09/turn               (no ring)

@: short of breath, hasted, quick
A: AC +1, large, see invisible, deformed body, poison resistance, slowness 2,
spit poison 1, naga tail 1
a: Spit Poison


You were on level 3 of the Dungeon.
You visited 1 branch of the dungeon, and saw 3 of its levels.

You collected 60 gold pieces.

Inventory:

Hand Weapons
 a - a +1 short sword (weapon)
Missiles
 d - 25 stones
Armour
 b - a +1 robe (worn)
Jewellery
 e - an amulet of faith
Potions
 c - a potion of curing
 f - a potion of brilliance {unknown}
 h - a potion of haste


   Skills:
 + Level 3.3 Fighting
 + Level 3.3 Short Blades
 - Level 3.0 Dodging
 * Level 4.4 Stealth


You had 3 spell levels left.
You didn't know any spells.
Your spell library was empty.

Dungeon Overview and Level Annotations

Branches:
Dungeon (2/15)

Altars:


Innate Abilities, Weirdness & Mutations

Your serpentine skin is tough. (AC +1)
You have supernaturally acute eyesight. (SInv)
Armour fits poorly on your strangely shaped body.
Your system is resistant to poisons. (rPois)
You cover ground very slowly.
You can spit poison.
You have a snake-like lower body.


Message History

Aim: a gnoll, wielding a +0 halberd (heavily wounded, poisoned, 65% to hit)
The splash of poison hits the gnoll but does no damage.
The gnoll looks even sicker.
The gnoll is heavily wounded.
The gnoll hits you from afar with a +0 halberd!
The gnoll hits you from afar with a +0 halberd!
You have got your breath back.
You kill the gnoll!
Training target 3.0 for Dodging reached!
Your Dodging skill increases to level 3!
You have reached level 4!
You feel stronger.
Aiming: Spit Poison (1% risk of failure)
Press: ? - help, Q - select action, (/) - cycle Shift-Dir - straight line, f - gnoll
Aim: a gnoll, wielding a +0 spear (65% to hit)
The splash of poison misses the gnoll.
The gnoll shouts!
Okay, then.
As you read the scroll labelled GAQYRA SEAQUU, it crumbles to dust.
It is a scroll of identify.
c - 2 potions of curing You have got your breath back.
Aiming: Spit Poison (1% risk of failure)
Press: ? - help, Q - select action, (/) - cycle Shift-Dir - straight line, f/p - gnoll
Aim: a gnoll, wielding a +0 spear (65% to hit)
The splash of poison hits the gnoll.
The gnoll is lightly wounded.
The gnoll hits you from afar with a +0 spear.
* * * LOW HITPOINT WARNING * * *
The gnoll hits you from afar with a +0 spear.
* * * LOW HITPOINT WARNING * * *
You feel better.
The gnoll hits you from afar with a +0 spear.
* * * LOW HITPOINT WARNING * * *
The gnoll hits you from afar with a +0 spear.
* * * LOW HITPOINT WARNING * * *
It was a potion of haste.
You feel yourself speed up. The gnoll barely misses you.
The gnoll hits you from afar with a +0 spear.
You die...

##...# #.#
##.#.#.≈≈≈≈ #.#
......≈≈≈≈≈ #[#
##.###≈≈≈≈≈.# #.#
###.# ≈≈≈≈#.# #.# #
#.≈ ≈≈≈#.####.### #
#≈≈
≈##.##.....##### #
≈≈≈≈##.##..........
# ≈≈≈ #.##.)@..####
# ≈# #.##.....# #
#.##.gg..# #
#.......##
######.## #..# ##)#
#.# #.#


You could see 2 gnolls.

Vanquished Creatures
  A gnoll (D:3)
  An adder (D:2)
  2 worms (D:3)
  A dart slug (D:1)
  5 ball pythons (D:1)
  4 endoplasms (D:1)
  2 giant cockroaches (D:1)
  2 hobgoblins (D:1)
  2 jackals (D:1)
  A kobold (D:1)
  A quokka (D:1)
  A bat (D:1)
  A frilled lizard (D:1)
  2 goblins (D:1)
  3 rats (D:1)
29 creatures vanquished.

Notes
Turn   | Place    | Note
-------+----------+-------------------------------------------
     0 | D:1      | firemarshallily the Naga Monk began the quest for the Orb.
     0 | D:1      | Reached XP level 1. HP: 21/21 MP: 1/1
   141 | D:1      | Reached XP level 2. HP: 28/28 MP: 2/2
   621 | D:1      | Reached XP level 3. HP: 27/34 MP: 3/3
  1392 | D:2      | Reached skill level 4 in Stealth
  1393 | D:2      | You fall into a shaft and drop 1 floor!
  1718 | D:3      | Reached XP level 4. HP: 14/42 MP: 4/4
  1725 | D:3      | Slain by a gnoll

Illustrated notes

Levels and vault maps discovered:
D:1:      saegor_arrival_under_anarchy, layout_basic
D:2:      layout_rooms, basic_altar, chequers_ecumenical_altar_twisty,
          minmay_three_crescents, uniq_terence
D:3:      wander_river, layout_loops_ring

Skill      XL: |  1  2  3 |
---------------+----------+-----
Stealth        | 4 |  4.4
Dodging        | 3 |  3.0
Fighting       | |  3.3
Short Blades   | |  3.3

Action                   |  1- 3 |  4- 6 || total
-------------------------+-------+-------++-------
Melee: Short sword       |    55 |       ||    55
       Punch             |     2 |       ||     2
 Abil: Spit Poison       |    27 |     2 ||    29
  Use: Scroll            |     2 |     1 ||     3
       Potion            |       |     2 ||     2
 Stab: Sleeping          |     2 |       ||     2
Armor: Robe              |    10 |       ||    10
Dodge: Dodged            |    19 |     1 ||    20
